[Event "January 2 Early 2024"]
[Site "https://www.chess.com"]
[Date "2024.01.02"]
[Round "9"]
[White "Kosteniuk, Alexandra"]
[Black "Yagupov, Igor"]
[Result "1-0"]
[Board "62"]
[TimeControl "180+1"]
[WhiteFideId "4128125"]
[BlackFideId "4113632"]
[WhiteElo "2749"]
[BlackElo "2613"]
[WhiteTeam "SUI"]
[BlackTeam "RUS"]
[WhiteClock "0:00:13"]
[BlackClock "0:00:06"]

1. e4 e5 2. Bc4 Nf6 3. Nc3 Nxe4 4. Qh5 Nd6 5. Bb3 Nc6 6. Nf3 g6 7. Qh3 Bg7 8. d3 Nf5 9. Bg5 f6 10. Bd2 Ncd4 11. Nxd4 Nxd4 12. Bh6 d5 13. g4 Bxg4 14. Qxg4 Bxh6 15. Bxd5 Nxc2+ 16. Ke2 Nd4+ 17. Kf1 c6 18. Bg2 Qd7 19. Ne4 Bg7 20. Qxd7+ Kxd7 21. Nc5+ Kc7 22. h4 Rad8 23. Rc1 b6 24. Na6+ Kd6 25. Nb4 a5 26. Nc2 Nxc2 27. Rxc2 c5 28. h5 Bh6 29. hxg6 hxg6 30. Ke2 Bf4 31. Rxh8 Re8 32. Rxe8 1-0

[Event "January 2 Early 2024"]
[Site "https://www.chess.com"]
[Date "2024.01.02"]
[Round "9"]
[White "Wagner, Dennis"]
[Black "Assylov, Miras"]
[Result "1-0"]
[Board "63"]
[TimeControl "180+1"]
[WhiteFideId "24650684"]
[BlackFideId "13728873"]
[WhiteElo "2740"]
[BlackElo "2608"]
[WhiteTeam "GER"]
[BlackTeam "KAZ"]
[WhiteClock "0:00:40"]
[BlackClock "0:00:01"]

1. c4 Nf6 2. Nc3 g6 3. e4 d6 4. d4 Bg7 5. Be2 O-O 6. Be3 Na6 7. Nf3 e5 8. O-O Qe7 9. Qc2 Ng4 10. Bg5 f6 11. Bd2 f5 12. Bg5 Qf7 13. dxe5 Nxe5 14. Nxe5 Bxe5 15. f4 Bg7 16. Bf3 Kh8 17. Kh1 Nc5 18. Rac1 c6 19. b4 Nxe4 20. Nxe4 fxe4 21. Bxe4 Bg4 22. h3 Be6 23. Qd3 Rae8 24. a3 Bf5 25. Bxf5 gxf5 26. Qxd6 Qh5 27. Be7 Rg8 28. Rce1 Qf7 29. Re2 Qxc4 30. Rfe1 Qf7 31. Bg5 Rxe2 32. Rxe2 Re8 33. Rxe8+ Qxe8 34. Qc7 Bd4 35. Be7 Qg8 36. Qxb7 Qc4 37. Qc8+ Kg7 38. Qf8+ Kg6 39. Qe8+ Qf7 40. Qxc6+ Kg7 41. Qd7 Qc4 42. Bc5+ Kg6 43. Qxd4 Qf1+ 44. Kh2 Qe2 45. Qd8 Qe6 46. Qg5+ Kf7 47. Bd4 Qd5 48. Qg7+ Ke8 49. Qe5+ Qxe5 50. Bxe5 a6 51. g4 fxg4 52. hxg4 Kf7 53. Kg3 h6 54. Kh4 a5 55. Kh5 a4 56. Kxh6 Kg8 57. g5 Kf7 58. g6+ Ke6 59. g7 Kd5 60. g8=Q+ Ke4 61. Qc4+ Ke3 62. f5 Kf3 63. f6 Kg2 64. f7 Kh1 65. Qf1# 1-0

[Event "January 2 Early 2024"]
[Site "https://www.chess.com"]
[Date "2024.01.02"]
[Round "9"]
[White "Nazari, Arad"]
[Black "Ambartsumova, Karina"]
[Result "0-1"]
[Board "64"]
[TimeControl "180+1"]
[WhiteFideId "12577324"]
[BlackFideId "4166299"]
[WhiteElo "2708"]
[BlackElo "2596"]
[WhiteTeam "IRI"]
[BlackTeam "RUS"]
[WhiteClock "0:01:17"]
[BlackClock "0:00:58"]

1. e4 e5 2. f4 d5 3. exd5 e4 4. d3 Qxd5 5. Nc3 Bb4 6. Bd2 Bxc3 7. Bxc3 Nf6 8. Qe2 Bf5 9. Bxf6 gxf6 10. g4 Be6 11. dxe4 Qa5+ 12. c3 Nc6 13. f5 Bd7 14. Qb5 Qxb5 15. Bxb5 Ne5 16. Bxd7+ Kxd7 17. h3 Nd3+ 18. Ke2 Nxb2 19. Rb1 Na4 20. Rxb7 Rhb8 21. Rb3 Nc5 22. Rb4 Rxb4 23. cxb4 Nxe4 24. Ke3 Ng3 25. Kf2 Nxh1+ 26. Kg2 Re8 27. Kxh1 Re1 28. h4 Ra1 29. Kg2 Rxa2+ 30. Kg3 Rb2 31. Nf3 Rxb4 32. g5 Rb3 33. Kg4 Rxf3 34. Kxf3 a5 35. Kg4 fxg5 36. Kxg5 a4 37. Kf6 Ke8 38. Kg7 a3 39. h5 a2 40. h6 a1=Q+ 41. f6 Qe5 42. Kg8 Qxf6 43. Kxh7 Qg6+ 0-1

[Event "January 2 Early 2024"]
[Site "https://www.chess.com"]
[Date "2024.01.02"]
[Round "9"]
[White "Manolache, Marius"]
[Black "AmanteDeMoi"]
[Result "0-1"]
[Board "65"]
[TimeControl "180+1"]
[WhiteFideId "1201530"]
[WhiteElo "2686"]
[BlackElo "2575"]
[WhiteTeam "ROU"]
[WhiteClock "0:00:35"]
[BlackClock "0:00:16"]

1. d4 g6 2. e4 Bg7 3. Nc3 c6 4. Nf3 d5 5. h3 dxe4 6. Nxe4 Nd7 7. Bc4 Ngf6 8. Nxf6+ Nxf6 9. O-O O-O 10. Re1 Qc7 11. Bg5 c5 12. c3 cxd4 13. Qxd4 e5 14. Qh4 e4 15. Bxf6 exf3 16. Bxg7 Kxg7 17. Re7 Qc5 18. b4 Qd6 19. Qd4+ Qxd4 20. cxd4 fxg2 21. Kxg2 Kf6 22. Rc7 Bf5 23. Bd5 Rad8 24. Bxb7 Rxd4 25. b5 Ra4 26. a3 Be6 27. Ba6 Rd8 28. Rxa7 Rd3 29. Re1 Rdxa3 30. Re3 Bd5+ 31. Kg3 Ra1 32. f3 R4a2 33. Rd3 Rg1+ 34. Kf4 Re2 35. h4 h6 36. Rxd5 g5+ 37. hxg5+ hxg5+ 38. Rxg5 Rxg5 39. Rxf7+ Kxf7 40. Kxg5 Re6 41. Bb7 Re5+ 42. Kg4 Rxb5 43. f4 Rxb7 0-1

[Event "January 2 Early 2024"]
[Site "https://www.chess.com"]
[Date "2024.01.02"]
[Round "9"]
[White "Vallejo Diaz, Javier"]
[Black "Csonka, Balazs"]
[Result "1-0"]
[Board "66"]
[TimeControl "180+1"]
[WhiteFideId "2256398"]
[BlackFideId "742910"]
[WhiteElo "2551"]
[BlackElo "2669"]
[WhiteTeam "ESP"]
[BlackTeam "HUN"]
[WhiteClock "0:00:30"]
[BlackClock "0:00:00"]

1. e4 e6 2. d4 d5 3. Nd2 c5 4. exd5 Qxd5 5. Ngf3 cxd4 6. Bc4 Qd6 7. O-O Nf6 8. Nb3 Nc6 9. Nbxd4 Nxd4 10. Nxd4 a6 11. a4 Be7 12. c3 O-O 13. Qe2 Qc7 14. Bg5 e5 15. Nf3 Bg4 16. Bd3 Rad8 17. Bxf6 gxf6 18. Rfd1 f5 19. h3 Bxf3 20. gxf3 Qd6 21. Bxf5 Qf6 22. Qe4 Kh8 23. Kh2 Bc5 24. Kg2 Qg5+ 25. Kf1 Qf4 26. Qxf4 exf4 27. a5 b6 28. Bd3 bxa5 29. Rxa5 Bb6 30. Rxa6 Rd6 31. Be2 Rfd8 32. Rxb6 Rxd1+ 33. Bxd1 Rxd1+ 34. Kg2 Rb1 35. c4 Kg7 36. c5 Rc1 37. b4 h6 38. c6 Kg6 39. b5 Kg5 40. Rb7 Kh4 41. Rxf7 Rc4 42. c7 h5 43. b6 Rc5 44. Rxf4+ Kg5 45. Re4 1-0

[Event "January 2 Early 2024"]
[Site "https://www.chess.com"]
[Date "2024.01.02"]
[Round "9"]
[White "Weetik, Vjacheslav"]
[Black "Kilpatrick, Callum"]
[Result "1-0"]
[Board "67"]
[TimeControl "180+1"]
[WhiteFideId "4153472"]
[BlackFideId "414425"]
[WhiteElo "2666"]
[BlackElo "2551"]
[WhiteTeam "RUS"]
[BlackTeam "ENG"]
[WhiteClock "0:00:08"]
[BlackClock "0:00:02"]

1. d4 Nf6 2. c4 g6 3. g3 Bg7 4. Bg2 O-O 5. Nc3 d6 6. Nf3 Nc6 7. O-O e5 8. d5 Na5 9. b3 c5 10. dxc6 bxc6 11. Ba3 Nb7 12. Ng5 Qc7 13. Qc2 Bf5 14. e4 Bc8 15. f4 exf4 16. gxf4 Nc5 17. e5 Bf5 18. Qd2 Qb6 19. exf6 Ne4+ 20. c5 Nxd2 21. cxb6 Bxf6 22. Rfc1 axb6 23. Bxd6 Nxb3 24. axb3 Rxa1 25. Rxa1 Bxc3 26. Bxf8 Bxa1 27. Bd6 Bd4+ 28. Kf1 Bc2 29. b4 c5 30. bxc5 bxc5 31. Bd5 h6 32. Nxf7 Kg7 33. Be5+ Bxe5 34. fxe5 Bd3+ 35. Kf2 c4 36. Nd6 c3 37. Ke3 c2 38. Kd2 Bf5 39. Bb3 Bg4 40. Kxc2 g5 41. Kd2 Kg6 42. Ke3 h5 43. Bc2+ Kh6 44. Bf5 Bd1 45. e6 g4 46. e7 Ba4 47. Kf4 Kg7 48. Kg5 Bc6 49. e8=Q Bxe8 50. Nxe8+ Kf7 51. Nf6 g3 52. hxg3 h4 53. gxh4 1-0

[Event "January 2 Early 2024"]
[Site "https://www.chess.com"]
[Date "2024.01.02"]
[Round "9"]
[White "Ismayil, Malak"]
[Black "Hansen, Sune Berg"]
[Result "0-1"]
[Board "68"]
[TimeControl "180+1"]
[WhiteFideId "13412604"]
[BlackFideId "1400266"]
[WhiteElo "2547"]
[BlackElo "2662"]
[WhiteTeam "AZE"]
[BlackTeam "DEN"]
[WhiteClock "0:00:01"]
[BlackClock "0:00:10"]

1. e4 e5 2. Nf3 Nc6 3. Bc4 Nf6 4. d3 Bc5 5. Nc3 a6 6. O-O d6 7. h3 Be6 8. Bb3 Nd4 9. Be3 Nxb3 10. axb3 Bxe3 11. fxe3 c6 12. d4 Qe7 13. Qe1 O-O 14. dxe5 dxe5 15. Qg3 Nd7 16. Rad1 f6 17. Nh4 Rad8 18. Rf5 Nc5 19. Rff1 a5 20. Nf5 Bxf5 21. exf5 Rd7 22. h4 Rfd8 23. Qf3 Rd2 24. Rxd2 Rxd2 25. Rf2 Qd7 26. Kh2 Qd6 27. g3 b5 28. Qg2 Rxf2 29. Qxf2 b4 30. Na4 Ne4 31. Qe2 Kf8 32. c3 Qd5 33. cxb4 axb4 34. Qc2 Nd6 35. Nb6 Qf3 36. Nd7+ Ke7 37. Nc5 Nxf5 38. Ne4 Kf7 39. Qxc6 Qe2+ 40. Kh3 Kg6 41. h5+ Qxh5+ 42. Kg2 Qe2+ 43. Kh3 Nxe3 44. Nd6 Qh5# 0-1

[Event "January 2 Early 2024"]
[Site "https://www.chess.com"]
[Date "2024.01.02"]
[Round "9"]
[White "Parfenov, Viktor N."]
[Black "Skliarov, Viktor"]
[Result "1-0"]
[Board "69"]
[TimeControl "180+1"]
[WhiteFideId "4165969"]
[BlackFideId "14106736"]
[WhiteElo "2543"]
[BlackElo "2660"]
[WhiteTeam "RUS"]
[BlackTeam "UKR"]
[WhiteClock "0:00:26"]
[BlackClock "0:00:07"]

1. d4 Nf6 2. c4 e6 3. Nc3 Bb4 4. a3 Bxc3+ 5. bxc3 c5 6. f3 d6 7. e4 Nc6 8. Bd3 O-O 9. Ne2 b6 10. O-O Ba6 11. f4 Na5 12. e5 Ne8 13. f5 exf5 14. Ng3 g6 15. Nxf5 gxf5 16. Bh6 Bxc4 17. Rxf5 Bxd3 18. Qxd3 Qh4 19. Qe3 Nc4 20. Qg5+ Qxg5 21. Rxg5+ Kh8 22. Bxf8 h6 23. Bxh6 Kh7 24. Bf8 dxe5 25. dxe5 Nc7 26. Bd6 Ne6 27. Rf5 Kg8 28. Raf1 Ne3 29. Rxf7 Nxf1 30. Rxf1 b5 31. Rf6 Re8 32. g4 a5 33. h4 b4 34. cxb4 cxb4 35. axb4 a4 36. b5 Nd4 37. b6 Nb5 38. b7 Nxd6 39. Rxd6 Rb8 40. Ra6 Rxb7 41. Rxa4 Rb5 42. Re4 Kf7 43. Kg2 Ke6 44. h5 Rb3 45. h6 Ra3 46. g5 Kf5 47. Re2 Kxg5 48. e6 Ra8 49. e7 Re8 50. h7 Kf6 51. h8=Q+ Rxh8 52. e8=Q Rh7 53. Qe5+ 1-0

[Event "January 2 Early 2024"]
[Site "https://www.chess.com"]
[Date "2024.01.02"]
[Round "9"]
[White "Przybylski, Wojciech"]
[Black "Injac, Teodora"]
[Result "0-1"]
[Board "70"]
[TimeControl "180+1"]
[WhiteFideId "1117599"]
[BlackFideId "932400"]
[WhiteElo "2534"]
[BlackElo "2658"]
[WhiteTeam "POL"]
[BlackTeam "SRB"]
[WhiteClock "0:00:00"]
[BlackClock "0:00:14"]

1. e4 e5 2. Nf3 Nc6 3. Bb5 a6 4. Ba4 d6 5. h3 Nf6 6. d3 g6 7. O-O Bg7 8. c4 O-O 9. Nc3 h6 10. Be3 Bd7 11. Qd2 Kh7 12. Kh1 Nh5 13. Bc2 f5 14. exf5 gxf5 15. Qd1 f4 16. Bd2 Kh8 17. Ne4 Nf6 18. Rb1 Nxe4 19. dxe4 Bf6 20. b4 Rg8 21. Rg1 Qe8 22. Bd3 Be6 23. a4 Qd7 24. Bf1 Ne7 25. Bc3 Rg7 26. c5 Rag8 27. b5 axb5 28. cxd6 cxd6 29. Rxb5 Ng6 30. Bb4 Nh4 31. Nxh4 Bxh4 32. Qxd6 Bxf2 33. Qxe5 f3 34. Bc3 Bxg1 35. Kxg1 Kh7 36. Kh1 fxg2+ 37. Bxg2 Qd1+ 0-1

[Event "January 2 Early 2024"]
[Site "https://www.chess.com"]
[Date "2024.01.02"]
[Round "9"]
[White "Bartel, Michal"]
[Black "Coro, Lucas"]
[Result "0-1"]
[Board "71"]
[TimeControl "180+1"]
[WhiteFideId "1119257"]
[BlackFideId "147222"]
[WhiteElo "2645"]
[BlackElo "2525"]
[WhiteTeam "POL"]
[BlackTeam "ARG"]
[WhiteClock "0:00:25"]
[BlackClock "0:00:06"]

1. e4 c6 2. Nc3 d5 3. Qf3 dxe4 4. Nxe4 Nf6 5. Bc4 Nbd7 6. d4 e6 7. Ne2 Nxe4 8. Qxe4 Nf6 9. Qd3 c5 10. O-O cxd4 11. Qxd4 Qxd4 12. Nxd4 Bc5 13. Nb3 Bb6 14. Bg5 Bd7 15. Rad1 Rc8 16. Bd3 Nd5 17. c3 f6 18. Bc1 Kf7 19. Be4 Bc6 20. Rfe1 Rhd8 21. Nd4 Nxc3 22. bxc3 Bxe4 23. Rxe4 e5 24. Rde1 exd4 25. cxd4 Rc7 26. Bb2 Rdd7 27. Kf1 Rc2 28. R1e2 Rxe2 29. Kxe2 Re7 30. Kd3 Rxe4 31. Kxe4 Ke6 32. g4 Bc7 33. f4 Kd6 34. Ba3+ Kc6 35. Bf8 g6 36. Be7 f5+ 37. gxf5 gxf5+ 38. Kxf5 Kd5 39. Bf6 b5 40. Kg5 b4 41. Be7 a5 42. f5 Bb6 43. f6 Ke6 44. d5+ Kf7 45. Kh6 Bd4 46. Kxh7 Bxf6 47. Bxf6 Kxf6 48. d6 a4 49. d7 Ke7 50. Kg7 b3 51. h4 b2 52. h5 b1=Q 53. h6 Qg1+ 54. Kh8 Kxd7 55. a3 Qd4+ 56. Kg8 Ke7 57. h7 Qg4+ 58. Kh8 Qd4+ 59. Kg8 Qd5+ 60. Kg7 Qf7+ 61. Kh6 Qf8+ 62. Kg6 Ke6 63. Kh5 Kf5 64. h8=Q Qxh8# 0-1

[Event "January 2 Early 2024"]
[Site "https://www.chess.com"]
[Date "2024.01.02"]
[Round "9"]
[White "Gryshko, Vitalii"]
[Black "Manukyan, Sargis A."]
[Result "0-1"]
[Board "72"]
[TimeControl "180+1"]
[WhiteFideId "14174286"]
[BlackFideId "13303970"]
[WhiteElo "2507"]
[BlackElo "2637"]
[WhiteTeam "UKR"]
[BlackTeam "ARM"]
[WhiteClock "0:00:21"]
[BlackClock "0:01:07"]

1. c4 Nf6 2. Nc3 e6 3. e4 c5 4. e5 Ng8 5. Nf3 Nc6 6. d4 cxd4 7. Nxd4 Nxe5 8. Ndb5 d6 9. Bf4 f6 10. Qd2 a6 11. Nd4 Ne7 12. O-O-O N7c6 13. Nxc6 Nxc6 14. Bxd6 Bxd6 15. Qxd6 Qxd6 16. Rxd6 Ke7 17. Rd2 Bd7 18. Ne4 Rad8 19. Be2 Bc8 20. Rhd1 Rxd2 21. Rxd2 Rd8 22. c5 Rxd2 23. Kxd2 Bd7 24. Kc3 Nd8 25. b4 Bc6 26. Bf3 Nf7 27. Nd2 Bxf3 28. Nxf3 e5 29. a4 Ke6 30. Kc4 h6 31. b5 axb5+ 32. Kxb5 Kd5 33. Nd2 e4 34. Nc4 f5 35. Nb6+ Kd4 36. a5 f4 37. Nc4 g5 38. Nd6 e3 39. fxe3+ fxe3 40. Nf5+ Ke4 41. Ng3+ Kd4 42. Kb6 Nd8 43. Kc7 Ne6+ 44. Kxb7 Nxc5+ 45. Kc6 Na6 46. Kb6 Nb4 47. Kb5 Nd5 48. Kc6 Kc4 49. a6 Nb4+ 50. Kb6 Nxa6 51. Kxa6 Kd3 52. Kb6 e2 53. Nxe2 Kxe2 54. Kc5 Kf2 55. g4 Kg2 56. Kd4 Kxh2 57. Ke5 Kg3 58. Kf5 Kh4 59. Kg6 Kxg4 60. Kxh6 Kh4 61. Kg6 g4 62. Kf6 g3 63. Kf5 g2 64. Ke4 g1=Q 65. Kf3 Qg4+ 66. Ke3 Kg5 67. Kf2 Kf5 68. Ke3 Qf4+ 69. Kd3 Ke5 70. Kc3 Qe4 71. Kd2 Kd5 72. Kc3 Kc5 73. Kd2 Kc4 74. Kc1 Qg2 75. Kd1 Kc3 76. Ke1 Kd3 77. Kd1 Qg1# 0-1

[Event "January 2 Early 2024"]
[Site "https://www.chess.com"]
[Date "2024.01.02"]
[Round "9"]
[White "Brankovic, Dejan"]
[Black "Niedbala, Bartlomiej"]
[Result "0-1"]
[Board "73"]
[TimeControl "180+1"]
[WhiteFideId "921602"]
[BlackFideId "21834008"]
[WhiteElo "2481"]
[BlackElo "2633"]
[WhiteTeam "SRB"]
[BlackTeam "POL"]
[WhiteClock "0:00:00"]
[BlackClock "0:00:02"]

1. e4 Nf6 2. e5 Nd5 3. d4 d6 4. c4 Nb6 5. f4 g6 6. Nc3 Bg7 7. Be3 Be6 8. b3 O-O 9. Qd2 dxe5 10. fxe5 c5 11. d5 Bf5 12. Nf3 Bg4 13. Be2 Bxf3 14. Bxf3 N8d7 15. e6 fxe6 16. dxe6 Ne5 17. Bxb7 Qxd2+ 18. Kxd2 Rad8+ 19. Ke2 Ng4 20. Nd5 Nxe3 21. Kxe3 Bd4+ 22. Ke4 Nxd5 23. Bxd5 Rf2 24. Raf1 Rxa2 25. Rf7 Re2+ 26. Kd3 Re3+ 27. Kc2 Rb8 28. Rb1 Bf6 29. Kd2 Bg5 30. Kc2 a5 31. g3 a4 32. h4 axb3+ 33. Kb2 Re2+ 34. Kc3 Re3+ 35. Kd2 Bh6 36. Kd1 Rd3+ 37. Ke2 Rd2+ 38. Kf3 Rd3+ 39. Kf2 Re8 40. g4 Bg7 41. Ke2 Rc3 42. Kd2 Bd4 43. h5 g5 44. h6 Rh3 45. Rf5 Rh1 0-1

[Event "January 2 Early 2024"]
[Site "https://www.chess.com"]
[Date "2024.01.02"]
[Round "9"]
[White "Mohammadi, Melika"]
[Black "Gontcharov, Vladislav"]
[Result "0-1"]
[Board "74"]
[TimeControl "180+1"]
[WhiteFideId "42529271"]
[BlackFideId "4123492"]
[WhiteElo "2480"]
[BlackElo "2631"]
[WhiteTeam "IRI"]
[BlackTeam "RUS"]
[WhiteClock "0:00:00"]
[BlackClock "0:00:23"]

1. e4 e6 2. d4 d5 3. Nc3 Nc6 4. Nf3 Nf6 5. e5 Ne4 6. Ne2 f6 7. exf6 Qxf6 8. Nf4 Bd6 9. Nh5 Qf7 10. Ng3 O-O 11. Be3 Bb4+ 12. c3 Nxc3 13. bxc3 Bxc3+ 14. Bd2 Bxa1 15. Qxa1 e5 16. dxe5 Bg4 17. Be2 Bxf3 18. Bxf3 Nxe5 19. Be2 Nc4 20. f3 Nxd2 21. Kxd2 Qf4+ 22. Kd1 Qa4+ 23. Ke1 Qb4+ 24. Kd1 Rae8 25. a3 Qb3+ 26. Kd2 Qe3+ 27. Kd1 Re6 28. Qb2 Rb6 29. Qc1 Qd4+ 30. Ke1 Re8 31. Nf5 Qd3 0-1

[Event "January 2 Early 2024"]
[Site "https://www.chess.com"]
[Date "2024.01.02"]
[Round "9"]
[White "Buscar, Michael"]
[Black "Al-Tarboush, Ward"]
[Result "1/2-1/2"]
[Board "75"]
[TimeControl "180+1"]
[WhiteFideId "2603616"]
[BlackFideId "7601450"]
[WhiteElo "2376"]
[BlackElo "2629"]
[WhiteTeam "CAN"]
[BlackTeam "NOR"]
[WhiteClock "0:00:00"]
[BlackClock "0:00:07"]

1. d4 Nf6 2. c4 b6 3. Nf3 Bb7 4. g3 e6 5. Bg2 Be7 6. O-O O-O 7. Nc3 Ne4 8. Qc2 Nxc3 9. Qxc3 c5 10. Rd1 d6 11. b3 Bf6 12. e3 Nd7 13. Bb2 Rc8 14. Qd2 d5 15. dxc5 Bxb2 16. Qxb2 Rxc5 17. Nd4 Qf6 18. Qd2 Ne5 19. Rac1 h5 20. cxd5 Bxd5 21. b4 Rxc1 22. Rxc1 Bxg2 23. Kxg2 h4 24. Qe2 Qe7 25. Qh5 Nd3 26. Rc4 b5 27. Nxb5 h3+ 28. Kf1 Qb7 29. Rh4 Qh1+ 30. Ke2 Nc1+ 31. Kd2 Rd8+ 32. Kc2 Qc6+ 33. Kb1 Kf8 34. Qc5+ Qxc5 35. bxc5 Nd3 36. Rh8+ Ke7 37. Rxd8 Kxd8 38. c6 Nxf2 39. Nd6 Ng4 40. Nxf7+ Kc7 41. Ng5 Nxh2 42. Nxh3 Nf1 43. Ng5 e5 44. e4 Nxg3 45. Kc2 Kxc6 46. Kd3 g6 47. Nf7 Kc5 48. Nxe5 g5 49. Nf3 g4 50. Ne5 Nh5 51. Nxg4 Nf4+ 52. Ke3 Ne6 53. Ne5 Kb4 54. Nc6+ Ka3 55. Nxa7 Kxa2 56. e5 Kb3 57. Ke4 Kc4 58. Kf5 Nd4+ 59. Kf6 Kd5 60. Nc8 Kc6 61. Nd6 Kd7 62. Nf5 Ne6 63. Ne3 Nf4 64. Nc4 Nd5+ 65. Kf5 Ne7+ 66. Kf6 Nd5+ 67. Kf5 Ne7+ 68. Ke4 Ke6 69. Nd6 Nd5 70. Ne8 Nc3+ 71. Kd4 Ne2+ 72. Ke4 Ng3+ 73. Kf4 Nf1 74. Ng7+ Ke7 75. e6 Nd2 76. Ke5 Nc4+ 77. Kd5 Ne3+ 78. Ke5 Ng4+ 79. Kf5 Nh6+ 80. Kg6 Ng8 81. Kf5 Nh6+ 82. Ke5 Ng8 83. Nf5+ Ke8 84. Kd6 Nf6 85. Ng7+ Kf8 86. Nf5 Ke8 1/2-1/2

[Event "January 2 Early 2024"]
[Site "https://www.chess.com"]
[Date "2024.01.02"]
[Round "9"]
[White "Souleidis, Georgios"]
[Black "Filippova, Margarita"]
[Result "1/2-1/2"]
[Board "76"]
[TimeControl "180+1"]
[WhiteFideId "4206827"]
[BlackFideId "34199680"]
[WhiteElo "2626"]
[BlackElo "2345"]
[WhiteTeam "GRE"]
[BlackTeam "RUS"]
[WhiteClock "0:00:08"]
[BlackClock "0:00:11"]

1. e4 d5 2. exd5 Qxd5 3. Nc3 Qe5+ 4. Be2 Bg4 5. d4 Bxe2 6. Ngxe2 Qa5 7. O-O Nf6 8. b4 Qh5 9. Qd3 e6 10. Ng3 Qg6 11. Qb5+ Nbd7 12. Bf4 Bd6 13. Bxd6 cxd6 14. Qxb7 O-O 15. Nce4 Rab8 16. Nxf6+ Nxf6 17. Qxa7 Qxc2 18. Rfc1 Qd2 19. a3 Ra8 20. Qb6 Rxa3 21. Qxd6 Nd5 22. Ne4 Rxa1 23. Rxa1 Qxd4 24. Re1 Qxb4 25. Qxb4 Nxb4 26. g3 h6 27. Rb1 Nd5 28. Rb7 Rd8 29. Kg2 Kf8 30. h4 Nf6 31. Nxf6 gxf6 32. Kf3 h5 33. Kg2 Kg7 34. Kf3 f5 35. Kg2 Rd2 36. Kf3 Ra2 37. Rc7 Kf6 38. Rc8 Ra3+ 39. Kg2 e5 40. Rh8 Kg6 41. Rg8+ Kf6 42. Rg5 e4 43. Rxh5 Ra2 44. Kg1 Ra1+ 45. Kg2 Ra2 46. Kf1 Ra1+ 47. Ke2 Ra2+ 48. Kf1 Ra1+ 49. Kg2 Ra2 1/2-1/2

[Event "January 2 Early 2024"]
[Site "https://www.chess.com"]
[Date "2024.01.02"]
[Round "9"]
[White "Mirzoev, Azer"]
[Black "Skurikhin, Dmitrij"]
[Result "1-0"]
[Board "77"]
[TimeControl "180+1"]
[WhiteFideId "13400304"]
[BlackFideId "4161297"]
[WhiteElo "2621"]
[BlackElo "2296"]
[WhiteTeam "AZE"]
[BlackTeam "RUS"]
[WhiteClock "0:00:16"]
[BlackClock "0:00:00"]

1. c4 c6 2. e4 d5 3. exd5 cxd5 4. cxd5 Nf6 5. Qa4+ Nbd7 6. Nc3 g6 7. Bc4 Bg7 8. d3 O-O 9. Nf3 a6 10. Qa3 Rb8 11. Bf4 Ra8 12. O-O b5 13. Bxb5 Bb7 14. Bc6 Qc8 15. Qxe7 Bxc6 16. dxc6 Qxc6 17. Qd6 Qb7 18. b3 Rfe8 19. Rae1 Bf8 20. Rxe8 Rxe8 21. Qd4 Bc5 22. Qc4 Rc8 23. Qa4 Nb6 24. Qa5 Nbd7 25. Na4 Ba7 26. Qd2 Ng4 27. h3 Ngf6 28. d4 Nd5 29. Bh6 N7f6 30. Re1 Qd7 31. Nc5 Qb5 32. Ne4 Bb6 33. Nxf6+ Nxf6 34. Ne5 Ba5 35. Qf4 Qb6 36. Rc1 Rd8 37. Rc6 1-0

[Event "January 2 Early 2024"]
[Site "https://www.chess.com"]
[Date "2024.01.02"]
[Round "9"]
[White "Adelman, Charles"]
[Black "Grycel, Kamil"]
[Result "1-0"]
[Board "78"]
[TimeControl "180+1"]
[WhiteFideId "2003597"]
[BlackFideId "1115499"]
[WhiteElo "2252"]
[BlackElo "2617"]
[WhiteTeam "USA"]
[BlackTeam "POL"]
[WhiteClock "0:00:19"]
[BlackClock "0:00:09"]

1. Nf3 d6 2. d4 Bg4 3. Nbd2 Nf6 4. g3 e6 5. Bg2 d5 6. b3 c6 7. Bb2 Nbd7 8. O-O Be7 9. c4 O-O 10. Re1 Ne4 11. Nxe4 dxe4 12. Nd2 f5 13. f3 exf3 14. exf3 Bh5 15. Rxe6 Bf7 16. Re1 Bf6 17. Qc2 g6 18. f4 Qc7 19. Nf3 Rad8 20. Rad1 b5 21. cxb5 Rc8 22. bxc6 Nb6 23. Ne5 Kg7 24. d5 Rfd8 25. Qc5 Nd7 26. Qf2 Nb6 27. Nxf7 Qxf7 28. d6 Kh6 29. d7 Rc7 30. Bxf6 Qxf6 31. Re8 Nxd7 32. Rxd8 Qxd8 33. cxd7 Rxd7 34. Rxd7 Qxd7 35. h4 Qd1+ 36. Kh2 Qd7 37. Qc5 Qg7 38. Qd6 Qh8 39. Qe7 Qb8 40. Qg5+ Kg7 41. h5 Qb6 42. h6+ Kf8 43. b4 a5 44. bxa5 Qd6 45. a6 Qxa6 46. Qd8+ Kf7 47. Bd5+ Qe6 48. Bxe6+ 1-0

[Event "January 2 Early 2024"]
[Site "https://www.chess.com"]
[Date "2024.01.02"]
[Round "9"]
[White "Kamsky, Gata"]
[Black "Delgado Kuffo, Andres"]
[Result "1-0"]
[Board "79"]
[TimeControl "180+1"]
[WhiteFideId "2000024"]
[BlackFideId "3600475"]
[WhiteElo "2949"]
[BlackElo "2266"]
[WhiteTeam "USA"]
[BlackTeam "ECU"]
[WhiteClock "0:01:48"]
[BlackClock "0:01:51"]

1. d4 Nf6 2. Bf4 c5 3. e3 Qb6 4. Na3 Qxb2 5. Nb5 Qb4+ 6. c3 Qa5 7. Nc7+ Kd8 8. Nxa8 Qxc3+ 9. Ke2 Qb2+ 10. Kf3 e5 11. dxe5 d6 12. exf6 gxf6 13. Rb1 Bg4+ 14. Kxg4 Qxf2 15. Kh3 Rg8 16. Qe2 Qxe2 17. Nxe2 1-0

[Event "January 2 Early 2024"]
[Site "https://www.chess.com"]
[Date "2024.01.02"]
[Round "9"]
[White "xakevicius91"]
[Black "Bardyk, Artem"]
[Result "0-1"]
[Board "80"]
[TimeControl "180+1"]
[BlackFideId "34349979"]
[WhiteElo "2506"]
[BlackElo "2721"]
[BlackTeam "RUS"]
[WhiteClock "0:00:31"]
[BlackClock "0:00:05"]

1. e4 e5 2. Nf3 Nc6 3. d4 exd4 4. Nxd4 Bb4+ 5. c3 Bc5 6. Nf5 Qf6 7. Be3 Bxe3 8. Nxe3 Nge7 9. Be2 d6 10. O-O O-O 11. f3 Be6 12. Qd2 Qh6 13. c4 f5 14. exf5 Nxf5 15. Nxf5 Qxd2 16. Nxd2 Bxf5 17. Nb3 a5 18. Rae1 Bc2 19. Nc1 Rae8 20. Bd1 Bxd1 21. Rxd1 Ne5 22. b3 a4 23. Rfe1 axb3 24. axb3 Re6 25. Nd3 Rfe8 26. Nxe5 Rxe5 27. Rxe5 Rxe5 28. Kf2 Ra5 29. Re1 Kf7 30. h4 Ra2+ 31. Kg3 Rb2 32. Re3 c6 33. Kh3 d5 34. cxd5 cxd5 35. g4 Rd2 36. Kg3 Rd4 37. Kf2 Rb4 38. Ke2 d4 39. Re4 Kf6 40. g5+ Kg6 41. f4 b5 42. Kd3 Rxb3+ 43. Kxd4 Rb4+ 44. Ke5 Rxe4+ 45. Kxe4 Kh5 46. f5 h6 47. f6 gxf6 48. gxf6 Kg6 49. Kd5 Kxf6 50. Kc5 Kf5 51. Kxb5 Kg4 52. Kc4 Kxh4 53. Kd3 Kg3 54. Ke2 Kg2 55. Ke3 h5 56. Kf4 h4 57. Kg5 h3 0-1

[Event "January 2 Early 2024"]
[Site "https://www.chess.com"]
[Date "2024.01.02"]
[Round "9"]
[White "Liyanage, Ranindu Dilshan"]
[Black "Stojanovski, Sandi"]
[Result "1-0"]
[Board "81"]
[TimeControl "180+1"]
[WhiteFideId "9915834"]
[BlackFideId "1403249"]
[WhiteElo "2704"]
[BlackElo "2504"]
[WhiteTeam "SRI"]
[BlackTeam "DEN"]
[WhiteClock "0:00:11"]
[BlackClock "0:00:14"]

1. Nf3 d5 2. c4 e6 3. e3 Nf6 4. b3 c5 5. Bb2 Be7 6. cxd5 exd5 7. Be2 O-O 8. O-O Nc6 9. d4 Bg4 10. dxc5 Bxc5 11. Nc3 Rc8 12. Rc1 Bd6 13. h3 Be6 14. Nb5 Bb8 15. Nbd4 Qd7 16. Bb5 Bxh3 17. Be2 Ne4 18. Nxc6 bxc6 19. gxh3 Qxh3 20. Ne5 Rce8 21. Bg4 Qh4 22. f4 Qg3+ 23. Kh1 f5 24. Rf3 Qxg4 25. Nxg4 fxg4 26. Rf1 Ng3+ 27. Kg2 Rxe3 28. Rc3 Nxf1 29. Kxf1 Re4 30. Bc1 Bxf4 31. Bxf4 Rexf4+ 32. Kg2 Rf2+ 33. Kg1 R2f3 34. Rxf3 gxf3 35. Kf2 h6 36. Qd4 Rf6 37. Qxa7 g5 38. Qb7 g4 39. Qc8+ Kg7 40. Qxg4+ Kf7 41. Qd7+ Kg6 42. a4 h5 43. a5 h4 44. a6 h3 45. Qxh3 d4 46. a7 d3 47. a8=Q d2 48. Qg8# 1-0

[Event "January 2 Early 2024"]
[Site "https://www.chess.com"]
[Date "2024.01.02"]
[Round "9"]
[White "Rakitin, Daniil"]
[Black "Balla, Tamas-Kristof"]
[Result "1-0"]
[Board "82"]
[TimeControl "180+1"]
[WhiteFideId "24219762"]
[BlackFideId "1208497"]
[WhiteElo "2695"]
[BlackElo "2500"]
[WhiteTeam "RUS"]
[BlackTeam "ROU"]
[WhiteClock "0:00:54"]
[BlackClock "0:00:34"]

1. e4 c5 2. Nf3 Nc6 3. Bb5 Nf6 4. e5 Nd5 5. Nc3 Nc7 6. Bxc6 dxc6 7. h3 h6 8. O-O Bf5 9. Re1 e6 10. d3 Be7 11. Nd2 O-O 12. a4 a5 13. Nc4 Nd5 14. Ne4 Bxe4 15. dxe4 Nb4 16. Nd6 Qc7 17. c3 Na6 18. Qg4 Kh8 19. Rd1 Rad8 20. Bf4 Nb8 21. Qh5 Kg8 22. Rd3 f6 23. Bxh6 fxe5 24. Bxg7 Bxd6 25. Bxf8 Bxf8 26. Qg5+ 1-0